 Dungeon Crawl Stone Soup version 0.31-a0-496-g6f97920a28 (webtiles) character file.

Game seed: 496976699302908037

175 randomguy2701 the Stinger (level 5, 0/32 HPs)
             Began as an Octopode Venom Mage on Aug 8, 2023.
             Succumbed to a kobold's poison
             ... on level 2 of the Dungeon.
             The game lasted 00:03:34 (2739 turns).

randomguy2701 the Stinger (Octopode Venom Mage)     Turns: 2739, Time: 00:03:34

Health: 0/32       AC:  1    Str:  7    XL:     5   Next: 55%
Magic:  3/9        EV: 13    Int: 19    God:
Gold:   152        SH:  0    Dex: 13    Spells: 9/10 levels left

rFire   . . .        (no weapon)
rCold   . . .        (no shield)
rNeg    . . .        (helmet restricted)
rPois   .            (no amulet)
rElec   .            e - ring of willpower
rCorr   .            (no ring)
SInv    .            (no ring)
Will    +....        (no ring)
Stlth   +++          (no ring)
HPRegen 0.25/turn    (no ring)
MPRegen 0.11/turn    (no ring)
                     (no ring)

%: no passive effects
@: lethally poisoned (0 -> -9)
A: almost no armour, amphibious, 8 rings, camouflage 1, gelatinous body 1,
(nimble swimmer 1), tentacles
a: no special abilities


You were on level 2 of the Dungeon.
You visited 1 branch of the dungeon, and saw 3 of its levels.

You collected 152 gold pieces.

Inventory:

Jewellery
 e - a ring of willpower (left tentacle)
Scrolls
 b - 3 scrolls of identify {unknown}
 c - 3 scrolls of revelation {unknown}
 g - a scroll of teleportation {unknown}
 h - 2 scrolls of fear {unknown}
 i - a scroll of fog {unknown}
Potions
 a - a potion of magic
 d - 3 potions of curing {unknown}
 f - a potion of attraction {unknown}


   Skills:
 + Level 0.8 Fighting
 + Level 2.3 Dodging
 * Level 3.1 Stealth
 + Level 3.2 Spellcasting
 + Level 2.2 Transmutations
 + Level 5.2 Poison Magic


You had 9 spell levels left.
You knew the following spells:

 Your Spells              Type           Power      Damage    Failure   Level
a - Sting                 Tmut/Pois      68%        1d6       3%          1

Your spell library contained the following spells:

 Spells                   Type           Power      Damage    Failure   Level
 Poisonous Vapours        Pois/Air       26%        N/A       8%          2
 Apportation              Tloc           6%         N/A       16%         1
 Magic Dart               Conj           12%        1d3       16%         1
 Shock                    Conj/Air       12%        1d3       16%         1
 Olgreb's Toxic Radiance  Pois           23%        N/A       17%         4
 Mephitic Cloud           Conj/Pois/Air  9%         N/A       22%         3


Dungeon Overview and Level Annotations

Branches:
Dungeon (3/15)

Altars:

Annotations:
D:2 Sigmund


Innate Abilities, Weirdness & Mutations

You cannot wear most types of armour.
You are amphibious.
You can wear up to eight rings at the same time.
Your skin changes colour to match your surroundings (Stealth+).
Your rubbery body absorbs attacks. (AC +1, EV +1)
((You are camouflaged when in or above water. (Stealth+)))
You have tentacles for arms and can constrict up to eight enemies at once.


Message History

The hobgoblin shouts!
You hear a shout!
The hobgoblin barely misses you.
The sting misses the hobgoblin.
A kobold comes into view.
It is wielding a +1 dagger of speed and quivering poisoned darts.
The hobgoblin barely misses you.
The sting hits the hobgoblin but does no damage.
The hobgoblin is poisoned.
The hobgoblin closely misses you.
The sting hits the quokka.
The quokka is poisoned.
The quokka is moderately wounded.
The quokka bites you. The hobgoblin barely misses you.
The sting hits the quokka.
The quokka looks even sicker.
You kill the quokka!
The kobold throws a poisoned dart.
The poisoned dart hits you!
You are poisoned.
The hobgoblin barely misses you.
The sting misses the hobgoblin.
You feel very sick. The hobgoblin misses you.
The sting hits the hobgoblin.
The hobgoblin looks even sicker.
You kill the hobgoblin!
You feel sick.
The kobold throws a poisoned dart.
The poisoned dart hits you!
You are more poisoned.
You can't see any susceptible monsters within range! (Use Z to cast anyway.)
You feel very sick.
The kobold throws a poisoned dart.
The poisoned dart hits you!
You are more poisoned.
You feel very sick.
You feel very sick.
You feel sick.
You feel sick.
You feel sick.
The kobold throws a poisoned dart.
The poisoned dart hits you!
You are lethally poisoned!
* * * LOW HITPOINT WARNING * * *
You feel very sick.
There is a stone staircase leading up here.
* * * LOW HITPOINT WARNING * * *
You feel very sick.
You climb upwards.
Level annotation: Sigmund You die...

#.♣♣.♣ ###
#########.♣..♣ ♣.#
#.........♣.♣♣ ♣♣.#
#.........♣.♣ ♣.♣#
#.........♣.♣♣♣♣.♣
#.......$#♣..♣♣..♣
#........#.♣.♣.♣♣♣####
#.......♣♣@♣...♣#.....
#....@.♣.♣♣♣.∩.♣♣♣♣...
#......♣[..♣...♣♣..♣..
#####'#♣♣........♣♣♣..
#...(.♣♣..8_8.♣♣#...
#......♣♣♣♣♣♣♣♣.'...
#........# ###...
#......####### #...
#............# #...
######.......# #...


There were no monsters in sight!

Vanquished Creatures
  Natasha (thrice) (D:2)
  4 adders (D:2)
  A worm (D:2)
  2 dart slugs
  An orc (D:3)
  4 ball pythons
  3 endoplasms
  3 giant cockroaches
  4 goblins
  6 hobgoblins
  6 jackals
  5 kobolds
  5 quokkas
  3 bats
  A frilled lizard (D:2)
  A rat (D:2)
52 creatures vanquished.

Notes
Turn   | Place    | Note
-------+----------+-------------------------------------------
     0 | D:1      | randomguy2701 the Octopode Venom Mage began the quest for
                  | the Orb.
     0 | D:1      | Reached XP level 1. HP: 11/11 MP: 3/3
   155 | D:1      | Reached XP level 2. HP: 18/18 MP: 0/5
   602 | D:1      | Reached skill level 4 in Poison Magic
   732 | D:1      | Reached XP level 3. HP: 22/22 MP: 3/6
  1480 | D:2      | Reached XP level 4. HP: 27/27 MP: 5/7
  1540 | D:2      | Noticed Natasha
  1578 | D:2      | Killed Natasha
  1643 | D:2      | Noticed Natasha
  1659 | D:2      | Killed Natasha
  1660 | D:2      | Reached skill level 5 in Poison Magic
  1833 | D:2      | Reached XP level 5. HP: 32/32 MP: 5/9
  1840 | D:2      | Noticed Natasha
  1846 | D:2      | Killed Natasha
  2376 | D:2      | Found a faded altar of an unknown god.
  2401 | D:2      | Noticed Sigmund
  2609 | D:3      | Got Practicing Hermetics
  2739 | D:2      | Succumbed to a kobold's poison

Illustrated notes

Levels and vault maps discovered:
D:1:      giann_horns, layout_loops_ring
D:2:      layout_basic, shapermc_ecumenical_altar_totnotflames, uniq_sigmund,
          uniq_natasha
D:3:      layout_rooms

Skill      XL: |  1  2  3  4  5 |
---------------+----------------+-----
Poison Magic   | 4 5 |  5.2
Stealth        | 3 |  3.1
Transmutations | 2 |  2.2
Spellcasting   | 3 |  3.2
Fighting       | |  0.8
Dodging        | |  2.3

Action                     |  1- 3 |  4- 6 || total
---------------------------+-------+-------++-------
  Melee: Unarmed           |    14 |     7 ||    21
         Constrict         |     3 |     2 ||     5
         Tentacles         |     3 |       ||     3
         Punch             |     1 |       ||     1
   Cast: Sting             |    66 |    50 ||   116
   Stab: Sleeping          |       |     1 ||     1
 Armour: Skin              |     7 |     1 ||     8
  Dodge: Dodged            |    43 |    32 ||    75

Table legend: (Time is in decaauts)
 A = Elapsed time spent in this place.
 B = Non-inter-level travel time spent in this place.
 C = Inter-level travel time spent in this place.
 D = Time resting spent in this place.
 E = Time spent auto-exploring this place.
 F = Levels seen in this place.
 G = Mean time per level.
                   A        B        C        D        E       F      G
               +--------+--------+--------+--------+--------+-----+--------+
         Total |   2738 |   2711 |     27 |      0 |   2274 |   3 |  912.7 |
       Dungeon |   2738 |   2711 |     27 |      0 |   2274 |   3 |  912.7 |
               +--------+--------+--------+--------+--------+-----+--------+

Top non-repeatable levels by time:
     D:2: 1336 daAuts
     D:1: 1156 daAuts
     D:3: 245 daAuts
